Map: Ascension to Aiur LE

Players

JohnCena

  • Race: Zerg Zerg
  • League: Diamond
  • Spawn Location: 11:00

Yamapickle - Winner!

  • Race: Zerg Zerg
  • League: Diamond
  • Spawn Location: 5:00

VOD

Have the link to the VOD?

Description

Time

  • Played on: Nov. 18, 2017, 3:27 p.m.
  • Length: 11:43
Show
View Real Time Build Order
Export as new Build Order

JohnCena Zerg 

Build Orders: Hatch First, Lurkers 

Get SALT Encoding   

  12  0:01  Drone  
  13  0:15  Overlord  
  13  0:21  Drone  
  14  0:36  Drone  
  14  0:37  Drone  
  14  0:41  Drone  
  17  0:55  Hatchery  
  16  0:59  Drone  
  16  1:01  Drone  
  18  1:12  Drone  
  19  1:20  Extractor, Spawning Pool  
  19  1:24  Drone  
  18  1:31  Overlord  
  18  1:43  Drone  
  19  1:55  Drone  
  20  2:07  Zergling x2  
  21  2:09  Zergling x2  
  21  2:10  Queen  
  21  2:11  Queen  
  21  2:15  Zergling x2  
  27  2:19  Metabolic Boost  
  27  2:22  Zergling x2  
  28  2:28  Zergling x2  
  29  2:38  Drone x2  
  31  2:45  Queen  
  31  2:46  Drone  
  31  2:50  Drone x2  
  36  3:03  Overlord  
  36  3:04  Baneling Nest  
  36  3:05  Overlord  
  34  3:27  Zergling x2  
  34  3:28  Zergling x8  
  34  3:30  Drone x4  
  43  3:35  Queen  
  45  3:43  Zergling x4  
  47  3:51  Pneumatized Carapace  
  47  3:52  Drone x2  
  47  3:53  Drone  
  50  3:58  Roach Warren  
  50  4:02  Overlord  
  49  4:07  Baneling x3  
  49  4:08  Baneling x2  
  49  4:20  Drone x2  
  49  4:21  Extractor  
  50  4:41  Drone x3  
  50  4:42  Roach  
  50  4:43  Roach x2  
  50  4:44  Overlord x2  
  59  4:57  Drone  
  60  5:00  Overlord x2  
  60  5:06  Overlord  
  60  5:07  Extractor, Hatchery  
  57  5:18  Roach x4  
  65  5:23  Evolution Chamber  
  65  5:24  Drone x2  
  67  5:28  Drone x2  
  68  5:44  Roach x4  
  76  5:51  Zerg Missile Weapons Level 1  
  76  6:02  Lair  
  76  6:03  Drone x3  
  79  6:05  Extractor  
  79  6:10  Roach  
  79  6:11  Roach x3  
  86  6:12  Overlord  
  86  6:21  Drone x4  
  86  6:25  Overlord  
  90  6:34  Roach x2  
  90  6:35  Roach  
  96  6:43  Drone x5  
  101  6:58  Drone  
  101  6:59  Drone x5  
  101  7:00  Evolution Chamber  
  106  7:07  Drone  
  106  7:08  Hydralisk Den, Drone  
  107  7:09  Drone  
  107  7:13  Overseer  
  108  7:16  Drone x3  
  108  7:20  Extractor x2  
  108  7:21  Glial Reconstitution  
  108  7:22  Centrifical Hooks  
  109  7:26  Roach  
  109  7:27  Roach  
  109  7:28  Overlord  
  113  7:39  Overlord  
  113  7:54  Zerg Missile Weapons Level 2  
  113  7:55  Zerg Ground Armor Level 1  
  113  7:59  Roach x4  
  121  8:10  Overlord x2  
  121  8:17  Overlord x2  
  114  8:22  Queen  
  114  8:23  Queen  
  107  8:27  Overlord x6  
  107  8:28  Overlord x2  
  107  8:34  Roach x6  
  111  8:42  Roach x3  
  111  8:46  Muscular Augments  
  117  8:57  Drone x3, Lurker Den  
  117  8:58  Drone  
  117  9:00  Overlord  
  113  9:10  Hydralisk  
  113  9:11  Hydralisk x2  
  113  9:15  Drone x3  
  119  9:23  Hydralisk x2  
  123  9:34  Hydralisk x4  
  131  9:39  Drone x3  
  134  9:46  Hydralisk x2  
  126  9:54  Roach  
  126  9:55  Roach x2  
  97  10:09  Hydralisk x4  
  101  10:24  Spine Crawler  
  101  10:25  Lurker  
  101  10:26  Lurker  
  101  10:27  Spine Crawler  
  101  10:29  Lurker  
  102  10:37  Lurker  
  102  10:40  Zergling x16  
  111  10:47  Lurker  
  111  10:48  Lurker  
  113  10:51  Overseer  
  111  10:57  Hydralisk  
  110  11:13  Hydralisk x4  
  110  11:16  Hydralisk  
Show
View Real Time Build Order
Export as new Build Order

Yamapickle Zerg - Winner!

Build Orders: Hatch First 

Get SALT Encoding   

  12  0:01  Drone  
  13  0:12  Overlord  
  13  0:18  Drone  
  14  0:30  Drone x2  
  14  0:35  Drone  
  17  0:53  Hatchery  
  17  0:56  Drone  
  17  0:58  Extractor  
  17  1:00  Drone  
  17  1:16  Spawning Pool  
  16  1:21  Drone  
  16  1:22  Drone  
  18  1:28  Drone  
  19  1:38  Overlord  
  19  2:03  Metabolic Boost  
  19  2:05  Queen x2  
  19  2:06  Zergling x2  
  24  2:09  Zergling x2  
  24  2:13  Drone  
  24  2:15  Drone  
  27  2:23  Drone x2  
  29  2:33  Zergling x2  
  29  2:34  Zergling x2  
  31  2:40  Drone  
  31  2:43  Baneling Nest, Drone  
  32  2:51  Zergling x2  
  33  3:00  Drone x2  
  35  3:06  Overlord  
  35  3:15  Drone  
  36  3:21  Hatchery  
  36  3:25  Queen  
  37  3:29  Baneling x3  
  37  3:31  Drone x3  
  37  3:33  Drone  
  41  3:37  Overlord  
  41  3:50  Roach Warren  
  41  3:51  Overlord  
  40  3:57  Zergling x6  
  43  4:13  Extractor  
  42  4:17  Evolution Chamber, Drone x8  
  42  4:21  Zergling x2  
  42  4:22  Zergling x2  
  51  4:27  Pneumatized Carapace  
  51  4:34  Lair  
  51  4:35  Drone  
  51  4:37  Drone  
  53  4:39  Drone  
  54  4:47  Overlord  
  54  4:58  Zerg Missile Weapons Level 1  
  54  5:02  Extractor, Drone  
  54  5:03  Drone x3  
  54  5:06  Drone x6  
  63  5:12  Baneling x2  
  62  5:21  Drone  
  62  5:22  Extractor, Drone x3  
  65  5:31  Overlord  
  65  5:32  Overlord x3  
  65  5:36  Hydralisk Den  
  65  5:38  Overlord  
  64  5:44  Overlord x3  
  64  5:51  Roach  
  64  5:52  Roach x3  
  64  5:54  Roach  
  74  5:58  Glial Reconstitution  
  74  6:00  Roach  
  74  6:01  Roach  
  78  6:05  Roach, Drone  
  81  6:14  Roach x4  
  81  6:16  Roach  
  91  6:24  Overseer  
  91  6:30  Overlord  
  91  6:32  Hydralisk x3  
  93  6:33  Zergling x2  
  93  6:34  Zergling x4  
  93  6:35  Zergling x2  
  93  6:37  Drone  
  93  6:39  Drone  
  103  6:45  Muscular Augments  
  103  6:49  Roach x2  
  107  6:55  Drone x5  
  112  7:02  Queen  
  112  7:05  Lair  
  114  7:09  Extractor  
  113  7:16  Roach  
  113  7:17  Roach x3  
  113  7:19  Overlord x3  
  121  7:27  Overlord  
  121  7:33  Zerg Missile Weapons Level 2  
  121  7:36  Hydralisk x2  
  121  7:37  Hydralisk  
  121  7:38  Zergling x2  
  121  7:39  Zergling x10  
  133  7:52  Roach x5  
  133  7:53  Roach  
  145  8:06  Roach x4  
  145  8:08  Overlord  
  150  8:24  Roach  
  150  8:25  Roach  
  150  8:26  Overlord x4  
  142  8:40  Infestation Pit, Drone x2  
  142  8:41  Spire, Drone x7  
  147  8:43  Extractor  
  145  8:55  Zergling x6  
  148  8:59  Overseer  
  148  9:00  Overseer x2  
  148  9:05  Hatchery  
  148  9:07  Ravager  
  148  9:15  Zergling x6  
  148  9:16  Zergling x14  
  158  9:25  Baneling x7  
  158  9:36  Hive  
  158  9:38  Hydralisk  
  158  9:39  Hydralisk  
  158  9:41  Zergling x10  
  158  9:42  Zergling x2  
  137  10:00  Roach  
  137  10:01  Roach x7  
  144  10:18  Roach x7  
  144  10:19  Roach x2  
  158  10:21  Queen  
  158  10:23  Drone  
  161  10:35  Roach x7  
  173  10:37  Queen  
  173  10:39  Zergling x2  
  176  10:50  Ravager  
  176  10:56  Ravager  
  177  10:59  Ravager  
  177  11:02  Ravager  
  176  11:07  Infestor  
Tags
 
Add a new tag
Caveats
  • Supply blocks, unpowered buildings, or Contaminate may cause inaccurate times.
  • Supply counts are checked every 10 seconds.